[Event "125-Jahre Werder Bremen 2024"]
[Site "Bremen"]
[Date "2024.03.03"]
[Round "2.9"]
[White "Hejazipour, Mitra"]
[Black "Knaak, Rainer"]
[Result "1-0"]
[ECO "D30"]
[WhiteElo "2356"]
[BlackElo "2450"]
[Annotator "TA"]
[PlyCount "81"]
[EventDate "2024.02.26"]
[EventType "swiss"]
[EventCountry "GER"]
[SourceTitle "playchess.com"]
[Source "ChessBase"]
[SourceQuality "1"]
[TimeControl "40/6000+30:1800+30"]

1. d4 d5 2. Nf3 Nf6 3. c4 e6 4. e3 Nbd7 5. Nbd2 Be7 6. Bd3 O-O 7. O-O b6 8. e4 {[%emt 0:22:49] The position is equal.} Bb7 9. cxd5 exd5 10. e5 Nh5 {[%emt 0:19:16] [#]} (10... Ne4 $11 {remains equal.}) 11. Qc2 (11. Ng5 $1 $16 Nf4 12. Bxh7+ Kh8 13. Bf5) 11... g6 $11 12. Re1 Ng7 13. Nf1 Re8 14. Ne3 Ne6 {[%emt 0:11:34] Prevents h4.} 15. Qb3 (15. Ng4 $14) 15... Ndf8 (15... c5 $11) 16. a4 (16. Ng4 $14) 16... a6 17. Ng4 h5 18. Ne3 ({Better is} 18. Nh6+ $14 Kg7 19. Qd1) 18... c5 {[%emt 0:00:17] White must now prevent ...c4.} 19. Qd1 Nh7 20. Nc2 c4 21. Bf1 b5 22. Bd2 Bc6 23. a5 Bb7 24. g3 Bc8 25. Bb4 Nc7 26. Qd2 {[%emt 0:00:46] Black is weak on the dark squares} Bf5 27. Bxe7 Qxe7 28. Nb4 (28. Ne3 $16) 28... Be4 $14 29. Bg2 Kg7 30. Nh4 Bxg2 31. Kxg2 Ne6 {[%emt 0:01:55][%cal Oe6d4] [#] Prevents f4.} 32. Nf3 (32. Nxd5 $2 {perishes.} Qb7 33. f4 Rad8 $19 (33... Qxd5+ $2 34. Nf3 $19)) (32. Rad1 $1 $16) 32... Qd7 33. Re2 Red8 34. h4 Qe8 (34... Kg8 $14) 35. Ne1 $16 {[%emt 0:00:13][%cal Bf3e1,Be1c2,Bc2e3,Be3f5][%mdl 32] White is more active.} Nhf8 36. Nec2 {[%emt 0:00:10] f4 is the strong threat.} Nc7 $2 {[%emt 0:00:37] Loses the game.} (36... Kg8 $16 {keeps fighting.}) 37. Ne3 Qe6 38. f4 Kg8 (38... f5 {might work better.} 39. exf6+ Qxf6) 39. Rf1 {[%emt 0:00:24] White is clearly winning.} Ne8 (39... f5 $142 40. exf6 Qxf6) 40. f5 $18 gxf5 41. Nxf5 {[%emt 0:30:36] Weighted Error Value: White=0.19 (very precise) /Black=0.35.  Loses game:     	---       	Black=1      Mistake:       	White=6     	Black=5      Inaccurate:     	---       	Black=6      OK:         	White=16    	Black=8      Best:        	White=2     	Black=1} 1-0

[Event "125-Jahre Werder Bremen 2024"]
[Site "Bremen"]
[Date "2024.03.03"]
[Round "2.10"]
[White "Meins, Gerlef"]
[Black "Gloeckler, Christian"]
[Result "1/2-1/2"]
[ECO "D45"]
[WhiteElo "2390"]
[BlackElo "2356"]
[Annotator "TA"]
[PlyCount "230"]
[EventDate "2024.02.26"]
[EventType "swiss"]
[EventCountry "GER"]
[SourceTitle "playchess.com"]
[Source "ChessBase"]
[SourceQuality "1"]
[TimeControl "40/6000+30:1800+30"]

1. Nf3 d5 2. e3 Nf6 3. c4 e6 4. Nc3 c6 5. d4 Nbd7 6. Qc2 Be7 7. Bd3 dxc4 8. Bxc4 b5 9. Bd3 a6 10. e4 b4 11. Na4 Bb7 12. Bg5 {[%emt 0:17:17][%cal Bc1g5,Bg5h4,Bh4g3,Bg3e5][%mdl 32] White is slightly better.} Qa5 {[%emt 0:13:53] Threatens to win with ...b3+.} 13. O-O h6 14. Bh4 g5 15. Bg3 {[%emt 0:00:21] Hoping for Ne5.} Rc8 $2 (15... Nh5 $1 $14) 16. Ne5 Nxe5 17. Bxe5 c5 18. dxc5 (18. Nxc5 Bxc5 19. Qe2 (19. Bxf6 $2 Bxd4 $17) (19. dxc5 Rxc5 $17) 19... Be7 $19) 18... O-O 19. Rfc1 $2 ({White has to play} 19. a3 $18 {And now axb4 would win.} Bc6 20. axb4 Qxb4 21. Bc3 (21. Bxa6 Rcd8 $16) 21... Bxa4 22. Rxa4 (22. Qxa4 Qxa4 23. Rxa4 Rxc5 $16) 22... Qxc5 23. Qe2 (23. Bxa6 Ra8 $16) (23. Rxa6 Rfd8 $18)) 19... Rfd8 $11 20. b3 $1 Nd7 21. Bd4 Bc6 22. a3 bxa3 (22... Bxa4 $2 23. axb4 (23. bxa4 Nxc5 24. axb4 Qxb4 $17) 23... Qxb4 24. Rxa4 $18) 23. Rxa3 (23. Bc3 $11 Qc7 24. Bxa6 (24. Rxa3 Bb5 $17)) 23... Qb4 $1 $15 (23... Nxc5 24. Bxc5 (24. Bc3 Qxc3 25. Nxc3 Nxd3 $11) 24... Bxc5 (24... Bxa4 $2 25. Rxa4 $18) 25. Qxc5 $14) 24. Qb2 {[%emt 0:01:32] [#]} Ne5 $1 25. Bc3 $1 (25. Bxe5 $2 {loses.} Rxd3 26. f3 g4 $19) 25... Nxd3 26. Bxb4 Nxb2 27. Nxb2 Bb5 {[%emt 0:00:33] A strong pair of Bishops.} 28. h3 (28. Ba5 $15 Rxc5 29. Rxc5 Bxc5 30. Bxd8 (30. b4 $2 Bxf2+ 31. Kxf2 Rd2+ 32. Kg1 Rxb2 $19) 30... Bxa3 31. Nc4) 28... Rd4 $17 29. Nc4 Rxe4 ({Worse is} 29... Bxc5 30. Nb6 Bxb4 31. Rxc8+ Kg7 32. Ra1 $14) 30. Raa1 Rc7 31. Ba3 Bxc4 32. bxc4 a5 (32... Bxc5 {simplifies} 33. Bxc5 Rxc5 34. Rxa6 Rexc4 35. Rxc4 Rxc4 36. Ra5 Kg7) 33. c6 Bf6 34. Rab1 Rxc6 35. Rb5 (35. c5 $17) 35... Rexc4 $19 (35... Rcxc4 36. Rxc4 Rxc4 37. Rxa5) 36. Rxc4 Rxc4 37. Rxa5 {[%emt 0:00:07][%mdl 4096] Endgame. KRB-KRB} Bd4 38. Ra8+ Kg7 39. Bf8+ Kg6 40. Ra2 {[%emt 0:00:23] Against Rc2} Rc1+ 41. Kh2 Rf1 42. Kg3 h5 {[%emt 0:00:00] ...f5 would now be deadly.} 43. Rc2 Rb1 {[%emt 0:00:00] Strongly threatening ...Rb3+.} 44. Kf3 Rb3+ 45. Ke2 Rb8 46. Bd6 Rd8 47. Be7 Re8 48. Ba3 Ra8 49. Bc1 Ra5 50. Bd2 Ra3 51. Bb4 Rb3 (51... Ra6 $17 52. Bd2 h4) 52. Bc5 (52. Bf8 $1 $11) 52... Be5 53. Be3 g4 (53... Bf4 $17 54. Bxf4 gxf4) 54. hxg4 $15 hxg4 55. g3 ({White should play} 55. Rc4 $15) 55... Ra3 56. Rc5 Ra2+ 57. Kf1 f6 58. Rc6 Kf5 59. Kg2 Ba1 60. Rc4 {[%emt 0:01:18] [#]} e5 $1 {[%emt 0:00:52] Prevents Rf4+.} 61. Kf1 Ra3 62. Ke2 Bc3 63. Bc5 Ra2+ 64. Kf1 Bd2 65. Bb6 Bg5 66. Kg2 Ra6 67. Rb4 (67. Be3 $142) 67... Ke6 68. Rb3 f5 69. Be3 Bd8 70. Rb8 Kd7 71. Rb1 Bc7 72. Rh1 {[%emt 0:00:20] [#]} Rf6 (72... Rc6 $1 $17 73. Rh6 Rxh6 74. Bxh6 Bd6) 73. Rh7+ Kc8 {[%emt 0:00:20] White should prevent ...f4.} 74. Rh6 (74. Bg5 $11 Rf8 75. Re7) 74... Rf7 (74... Rxh6 $142 75. Bxh6 Bd6) 75. Rg6 Kb7 ({Black should try} 75... Kd7 $17) 76. Bg5 (76. f3 $11 {was preferrable.}) 76... f4 (76... e4 $17) 77. gxf4 (77. Bh6 $1 $11) 77... exf4 $17 78. f3 (78. Kf1 $17 {is a better defense.}) 78... Be5 $2 ({Better is} 78... g3 $19 {...Rd7 is the strong threat.} 79. Rf6 Rxf6 80. Bxf6 Kc6) 79. Re6 {[%emt 0:00:48] The position is equal.} Rf5 80. Rxe5 $1 Rxe5 81. Bxf4 gxf3+ (81... Rf5 $5 82. Kg3 $8 gxf3 83. Kxf3 Ra5 $11) 82. Kxf3 $11 {[%emt 0:00:02] KR-KB} Re6 83. Bg3 Kc6 84. Kg2 Rg6 85. Kf3 Kd5 86. Bh2 Kd4 87. Bg3 Rf6+ 88. Kg2 Ke4 89. Bh2 Rf5 90. Bg3 Ke3 91. Bh2 Rg5+ 92. Kh1 Kf2 93. Bc7 $1 Rb5 94. Bd6 Rd5 95. Bc7 $1 Rh5+ 96. Bh2 Rg5 97. Bc7 Rg1+ 98. Kh2 Rc1 99. Bb6+ Kf3 100. Bg1 Rc4 101. Kh1 Kg3 {[%emt 0:00:22] ( -> ...Rh4+)} 102. Bh2+ Kh3 103. Bg1 Rg4 104. Bf2 Rg2 105. Bc5 Rh2+ 106. Kg1 Rc2 107. Bd6 Kg4 108. Kh1 Re2 109. Bc7 Re1+ 110. Kg2 Re2+ 111. Kh1 Rc2 112. Bd6 $1 Ra2 113. Bc7 Kh3 114. Bb6 Ra1+ 115. Bg1 Kg3 {[%emt 0:00:06] What a fight!   Weighted Error Value: White=0.22 (precise) /Black=0.14 (very precise) .  Missed win:     	White=1     	Black=1      Mistake:       	White=10    	Black=7      Inaccurate:     	White=4     	Black=3      OK:         	White=31    	Black=36     Best:        	White=5     	Black=6      Strong:       	White=6     	Black=2} 1/2-1/2

[Event "125-Jahre Werder Bremen 2024"]
[Site "Bremen"]
[Date "2024.03.03"]
[Round "2.11"]
[White "Colbow, Collin"]
[Black "Pajeken, Jakob Leon"]
[Result "1/2-1/2"]
[ECO "B90"]
[WhiteElo "2373"]
[BlackElo "2424"]
[Annotator "TA"]
[PlyCount "68"]
[EventDate "2024.02.26"]
[EventType "swiss"]
[EventCountry "GER"]
[SourceTitle "playchess.com"]
[Source "ChessBase"]
[SourceQuality "1"]
[TimeControl "40/6000+30:1800+30"]

1. e4 c5 2. Nf3 d6 3. d4 cxd4 4. Nxd4 Nf6 5. Nc3 a6 6. h3 e5 7. Nf3 Be7 8. g4 h6 9. Rg1 {[%emt 0:00:38] The position is equal.} b5 10. g5 hxg5 11. Nxg5 Bb7 12. Be3 $1 Nbd7 13. a4 b4 14. Bc4 $1 Rf8 15. Nd5 Rc8 (15... Nxd5 $11 16. exd5 (16. Bxd5 Bxd5 17. Qxd5 Rc8 $11) 16... Qa5) 16. Qd3 {[%emt 0:26:34] White is much more active.} (16. Nxe7 {looks sharper.} Kxe7 17. Qd3 Qc7 18. Bb3) 16... Nxd5 17. exd5 {[%emt 0:03:20][%cal Og5e6] Black must now prevent Ne6!} Qa5 18. b3 g6 ({Black should play} 18... Nb6 $14) 19. O-O-O (19. f4 $16) 19... Nb6 $14 20. Bxb6 Qxb6 {[%emt 0:00:05] [#]} 21. f4 $1 exf4 (21... Qd4 22. Qxd4) 22. Rde1 {[%emt 0:00:39][%cal Og5f7] Inhibits Qe3+.} Kd7 $1 23. Qd2 Bxg5 24. Rxg5 Rce8 25. Rxe8 (25. Rf1 $14) 25... Rxe8 $15 26. Qxf4 Qe3+ 27. Qxe3 Rxe3 {[%emt 0:00:04][%mdl 4096] Endgame. KRB-KRB} 28. h4 Ke7 29. Rg4 {[%emt 0:03:17] Inhibits Re4.} a5 30. Kd2 Rh3 {[%emt 0:01:05] Threatens to win with ...Rh2+.} 31. Re4+ Kd8 32. Rf4 Ke7 {[%emt 0:01:48] And now ...f5 would win.} 33. Re4+ Kd8 (33... Kf8 $11) 34. Rf4 Ke7 {[%emt 0:04:38] Weighted Error Value: White=0.12 (very precise) /Black=0.13 (very precise) .  Mistake:       	White=2     	Black=4      Inaccurate:     	White=2     	Black=2      OK:         	White=9     	Black=14     Best:        	White=5     	Black=1      Strong:       	White=2     	Black=1} (34... f5 $15 35. Bb5 Rh2+ (35... Bxd5 36. Rd4 $15) 36. Kc1 Bxd5) 1/2-1/2

[Event "125-Jahre Werder Bremen 2024"]
[Site "Bremen"]
[Date "2024.03.03"]
[Round "2.12"]
[White "Guichard, Pauline"]
[Black "Schneider, Jana"]
[Result "0-1"]
[ECO "D35"]
[WhiteElo "2385"]
[BlackElo "2303"]
[Annotator "TA"]
[PlyCount "106"]
[EventDate "2024.02.26"]
[EventType "swiss"]
[EventCountry "GER"]
[SourceTitle "playchess.com"]
[Source "ChessBase"]
[SourceQuality "1"]
[TimeControl "40/6000+30:1800+30"]

1. d4 d5 2. c4 e6 3. Nc3 Nf6 4. cxd5 exd5 5. Bg5 Be7 6. e3 h6 7. Bh4 O-O 8. Bd3 c6 9. Bg3 Bd6 10. Nge2 Re8 11. O-O {[%emt 0:12:33] White has an edge.} Bxg3 12. Nxg3 Nbd7 13. Qd2 Nf8 14. f3 h5 15. Qf2 h4 16. Nf5 h3 17. g4 g6 18. Ng3 Ne6 19. Kh1 Qe7 (19... Bd7 $11 {is superior.}) 20. Rae1 $16 c5 (20... Bd7 $142) 21. Nge2 (21. Nf5 $1 $16 Qd8 (21... gxf5 $2 {perishes.} 22. gxf5 Ng7 23. Rg1 $18) 22. Qh4) 21... Bd7 $14 22. a3 Qd6 (22... Ng5 $14 23. Nf4 Bc6) 23. Qg3 $2 (23. Qh4 $16 cxd4 24. exd4) 23... Qxg3 $15 24. hxg3 Ng5 25. Ng1 c4 $36 {[%emt 0:05:00][%mdl 2048] Black has the initiative.} 26. Bc2 Re7 (26... a5 $17 27. a4 (27. Kh2 Kg7 $17) 27... Ra6) 27. Nd1 (27. Kh2 $11 {remains equal.}) 27... Rae8 {[%emt 0:00:47] Black is much more active. The white rooks are passive. White is weak on the light squares} 28. Nf2 (28. a4 $17 {was called for.}) 28... Rxe3 $19 29. Rxe3 Rxe3 30. Nfxh3 (30. Nd1 $142 Re6 31. Nf2) 30... Nxh3 31. Nxh3 {[%emt 0:00:06] [#]} Re2 (31... c3 $1 $19 {[%cal Rc3b2] has better winning chances.} 32. b3 Bb5) 32. Rf2 $17 Rxf2 ({Black should try} 32... Re1+ $17 33. Kg2 Ra1) 33. Nxf2 {[%emt 0:00:06][%mdl 4096] Endgame. KBN-KBN} Ne8 34. Nd1 Nc7 35. Nc3 $1 b5 36. Kg2 a5 37. Kf2 (37. b4 $1 $11) 37... b4 38. axb4 axb4 39. Ne2 Kf8 40. Ke3 Ke7 41. Kf4 Bb5 42. Ke3 Na8 43. Kd2 Nb6 44. Nc1 $2 {[%emt 0:02:02] [#] This costs White the game.} (44. Kc1 $17 {is a better defense.}) 44... b3 $1 $19 45. Bd1 Na4 46. Be2 $2 (46. Ne2 Nxb2 47. Nc3) 46... Nxb2 47. Nxb3 cxb3 48. Bxb5 Nc4+ 49. Bxc4 dxc4 {[%emt 0:00:06] KP-KP. Black mates.} 50. Kc3 Kd6 51. g5 Kd5 52. g4 Kd6 53. Kb2 Ke6 {[%emt 0:00:21] Weighted Error Value: White=0.64/Black=0.14 (very precise) .  Loses game:     	White=1     	---        Mistake:       	White=7     	Black=6      Inaccurate:     	White=2     	---        OK:         	White=11    	Black=10     Best:        	White=2     	Black=4      Strong:       	White=1     	Black=1} 0-1

[Event "125-Jahre Werder Bremen 2024"]
[Site "Bremen"]
[Date "2024.03.04"]
[Round "3.1"]
[White "Cheng, Bobby"]
[Black "Gumularz, Szymon"]
[Result "1/2-1/2"]
[ECO "E11"]
[WhiteElo "2584"]
[BlackElo "2590"]
[Annotator "TA"]
[PlyCount "40"]
[EventDate "2024.02.26"]
[EventType "swiss"]
[EventCountry "GER"]
[SourceTitle "playchess.com"]
[Source "ChessBase"]
[SourceQuality "1"]
[TimeControl "40/6000+30:1800+30"]

1. d4 Nf6 2. c4 e6 3. Nf3 d5 4. g3 Bb4+ 5. Bd2 Be7 6. Bg2 O-O 7. O-O c6 8. Qc2 Nbd7 9. b3 b6 10. Nc3 Ba6 11. e4 dxc4 12. Rfe1 {[%emt 0:00:06] Black has an edge.} b5 13. bxc4 {[%emt 0:11:43] The position is equal.} bxc4 14. Qa4 Qc8 15. Rab1 Rd8 16. Bf4 h6 17. Qc2 Nh5 18. Be3 {[%emt 0:02:34] [#] e5 is the strong threat.} Nhf6 19. Bf4 $1 Nh5 20. Be3 {[%emt 0:00:10] Hoping for e5.} Nhf6 {[%emt 0:00:19] Not much happened in this game.   Weighted Error Value: White=0.03 (flawless) /Black=0.03 (flawless) .  Inaccurate:     	---       	Black=1      OK:         	White=7     	Black=2      Best:        	---       	Black=3      Strong:       	White=1     	---} 1/2-1/2

[Event "125-Jahre Werder Bremen 2024"]
[Site "Bremen"]
[Date "2024.03.04"]
[Round "3.2"]
[White "Aditya Mittal"]
[Black "Hejazipour, Mitra"]
[Result "1-0"]
[ECO "C84"]
[WhiteElo "2594"]
[BlackElo "2356"]
[Annotator "TA"]
[PlyCount "85"]
[EventDate "2024.02.26"]
[EventType "swiss"]
[EventCountry "GER"]
[SourceTitle "playchess.com"]
[Source "ChessBase"]
[SourceQuality "1"]
[TimeControl "40/6000+30:1800+30"]

1. e4 e5 2. Nf3 Nc6 3. Bb5 a6 4. Ba4 Nf6 5. d3 b5 6. Bb3 Be7 7. a4 b4 8. a5 d6 9. Nbd2 O-O 10. O-O Rb8 11. c3 Be6 12. Nc4 Bg4 {[%emt 0:09:14] The position is equal.} 13. Ba4 Na7 14. h3 Be6 15. Be3 c5 16. Nfd2 bxc3 17. bxc3 Nb5 18. Qc2 Ne8 19. Nb6 Nec7 20. Bb3 Bxb3 21. Nxb3 Ne6 22. g3 ({Better is} 22. Rfb1 $14) 22... Bf6 23. Rad1 Qe8 24. Nd2 Qc6 (24... g6 $11) 25. Nd5 Bd8 $1 26. Qa2 (26. Qb3 $14) 26... Qd7 (26... Nec7 $11) 27. Rb1 {[%emt 0:01:08] White is more active.} (27. Kg2 $14) 27... Nec7 $17 {[%emt 0:00:37] aiming for ...Nxd5.} 28. Nb6 Qxh3 29. Rfc1 h5 30. Nf1 $1 Be7 31. f3 g6 32. Rb2 Rbd8 33. Rh2 (33. Bh6 $142 $1) 33... Qe6 $11 34. Qd2 (34. Qg2 $11 {remains equal.}) 34... f6 ({Black should try} 34... f5 $1 $17) 35. Bf2 $2 {[%emt 0:04:05] [#]} (35. g4 $14 {keeps the upper hand.}) 35... Rf7 ({Black should play} 35... f5 $1 $17 36. Be3 Kh7) 36. Ne3 Na7 $2 (36... f5 $17 {Hoping for ...Bg5.} 37. exf5 gxf5) 37. g4 $16 hxg4 $2 {[%emt 0:00:45] This move loses the game for Black.} (37... Rh7 $16) 38. Nxg4 $18 ({Inferior is} 38. fxg4 Rh7 $15) 38... Rg7 {[%emt 0:00:29] [#]} 39. d4 $1 exd4 40. cxd4 {[%emt 0:00:22] Strongly threatening d5.} d5 $2 (40... Qb3 41. Rc3 (41. dxc5 Qxf3 42. Rg2 Rh7 $18) 41... Qb1+ 42. Kg2 (42. Rc1 Qb3 $18) 42... Nc6 43. dxc5 f5) 41. exd5 {[%emt 0:33:50] White is clearly winning.} ({Weaker is} 41. dxc5 dxe4 42. Qf4 Nc6 $11) 41... Nxd5 42. Re1 Qc6 43. Qh6 {[%emt 0:00:00] Weighted Error Value: White=0.27 (precise) /Black=0.39.  Loses game:     	---       	Black=1      Mistake:       	White=6     	Black=6      Inaccurate:     	White=2     	Black=4      OK:         	White=11    	Black=6      Best:        	White=1     	Black=2      Strong:       	White=2     	Black=1} 1-0

[Event "125-Jahre Werder Bremen 2024"]
[Site "Bremen"]
[Date "2024.03.04"]
[Round "3.3"]
[White "Plat, Vojtech"]
[Black "Efimenko, Zahar"]
[Result "1/2-1/2"]
[ECO "E35"]
[WhiteElo "2528"]
[BlackElo "2568"]
[Annotator "TA"]
[PlyCount "64"]
[EventDate "2024.02.26"]
[EventType "swiss"]
[EventCountry "GER"]
[SourceTitle "playchess.com"]
[Source "ChessBase"]
[SourceQuality "1"]
[TimeControl "40/6000+30:1800+30"]

1. d4 Nf6 2. c4 e6 3. Nc3 Bb4 4. Qc2 d5 5. cxd5 exd5 6. Bg5 h6 7. Bxf6 Qxf6 8. a3 Bxc3+ 9. Qxc3 c6 10. Nf3 O-O 11. e3 Bf5 12. Bd3 Bxd3 13. Qxd3 Nd7 14. O-O Rfe8 15. Rac1 Qe6 16. Rfe1 Nb6 17. Nd2 {[%emt 0:02:08][%cal Bf3d2,Bd2b3,Bb3c5][%mdl 32] The position is equal.} Re7 18. Qb3 Rae8 19. a4 Nc8 20. a5 a6 21. Qd3 Nd6 22. Nb3 f5 23. Nc5 Qc8 24. g3 (24. Rf1 $11) 24... Ne4 (24... f4 $5 25. gxf4 (25. Qg6 f3 $15) 25... Qg4+ 26. Kh1 Qf3+ 27. Kg1 Re6 28. Nxe6 Rxe6 $17) 25. Rf1 h5 26. Qd1 Nxc5 27. Rxc5 {[%emt 0:00:30] [#]} h4 28. Qh5 (28. Rc3 Re4) 28... Re4 29. Rfc1 {[%emt 0:03:29] aiming for Rxd5.} Qe6 30. Qf3 h3 31. Kf1 ({Don't go for} 31. Qh5 $2 f4 32. Rf1 (32. gxf4 $2 {perishes.} Rxe3 $19) 32... fxe3 33. fxe3 Rxe3 $19) 31... Qg6 32. R5c3 R8e7 {[%emt 0:00:52] Weighted Error Value: White=0.13 (very precise) /Black=0.05 (flawless) .  Mistake:       	White=1     	---        Inaccurate:     	---       	Black=3      OK:         	White=1     	Black=10     Brilliant:      	---       	Black=1} 1/2-1/2

[Event "125-Jahre Werder Bremen 2024"]
[Site "Bremen"]
[Date "2024.03.04"]
[Round "3.4"]
[White "Teclaf, Pawel"]
[Black "Wachinger, Nikolas"]
[Result "1/2-1/2"]
[ECO "E17"]
[WhiteElo "2556"]
[BlackElo "2442"]
[Annotator "RC"]
[PlyCount "75"]
[EventDate "2024.02.26"]
[EventType "swiss"]
[EventCountry "GER"]
[SourceTitle "playchess.com"]
[Source "ChessBase"]
[SourceQuality "1"]
[TimeControl "40/6000+30:1800+30"]

1. Nf3 d5 2. g3 Nf6 3. Bg2 e6 4. O-O Be7 5. c4 O-O 6. b3 b6 7. d4 Bb7 8. Nc3 Nbd7 9. Bb2 c5 10. Ne5 Qc8 11. cxd5 Nxd5 12. Nxd5 Bxd5 13. Nxd7 Qxd7 14. dxc5 Bxc5 15. Qd3 Rad8 16. Rfd1 f6 17. Bxd5 Qxd5 18. Qxd5 Rxd5 19. Rxd5 exd5 20. Rd1 Rd8 21. Kf1 Kf7 22. e4 Ke6 23. f4 Rc8 24. Rxd5 Bb4 25. a3 Rc2 26. Bxf6 gxf6 27. axb4 Rxh2 28. Rd3 h5 29. Rc3 Kd7 30. b5 h4 31. Rc6 hxg3 32. Rxf6 Rf2+ 33. Kg1 Ke7 34. e5 Re2 35. Rg6 Rf2 36. Rf6 Re2 37. Rg6 Rf2 38. Rf6 1/2-1/2

[Event "125-Jahre Werder Bremen 2024"]
[Site "Bremen"]
[Date "2024.03.04"]
[Round "3.5"]
[White "Soderstrom, Adrian"]
[Black "Pruijssers, Roeland"]
[Result "1-0"]
[ECO "A57"]
[WhiteElo "2288"]
[BlackElo "2537"]
[Annotator "TA"]
[PlyCount "159"]
[EventDate "2024.02.26"]
[EventType "swiss"]
[EventCountry "GER"]
[SourceTitle "playchess.com"]
[Source "ChessBase"]
[SourceQuality "1"]
[TimeControl "40/6000+30:1800+30"]

1. d4 Nf6 2. c4 c5 3. d5 b5 4. cxb5 a6 5. e3 axb5 6. Bxb5 Qa5+ 7. Nc3 Bb7 8. Bd2 Qb6 9. a4 {[%emt 0:00:42] And now e4 would win.} Nxd5 10. Nxd5 Bxd5 11. Nf3 {[%emt 0:01:26] The position is equal.} e6 12. O-O Qb7 13. Bc3 Be7 {[%emt 0:00:44] Wards off Ng5} 14. Ne5 {[%emt 0:03:45] Strongly threatening Qg4.} (14. Bxg7 $2 {is the wrong capture.} Rg8 15. Ne1 (15. e4 $2 Bxe4 16. Ra3 Rxg7 $19) 15... Rxg7 $19) 14... Bxg2 {[%emt 0:07:03] [#]} 15. Nxd7 $1 Nxd7 (15... Bc6 {with more complications.} 16. Nxb8 Bxb5 17. axb5 Rxb8 18. Qg4 Bf6) 16. Qxd7+ (16. Bxd7+ {keeps more tension.} Qxd7 17. Kxg2 Ra6 18. a5) 16... Qxd7 17. Bxd7+ Kxd7 18. Kxg2 Rhb8 19. Rfc1 (19. Bxg7 $2 {perishes.} Rg8 20. b3 Rxg7+ $19) 19... g5 20. h3 h5 21. Rc2 f5 22. Rd1+ Kc6 23. a5 Rb3 24. Rcd2 Rb7 {[%emt 0:00:46] Against Rd7} 25. Rc2 Kb5 26. Rcd2 Raa7 27. e4 f4 28. Kf3 Kc4 29. Rc1 Kb3 30. Rcd1 c4 31. Rc1 Rb5 32. Rd4 Bc5 33. Rd8 Bb4 34. Bxb4 Rxb4 $11 {[%emt 0:00:24][%mdl 4096] Endgame. KRR-KRR} 35. Rc8 (35. Rd2 $1 $11) 35... Rxa5 $17 36. Rc3+ Kxb2 37. R3xc4 Ra3+ 38. Kg2 Rxc4 39. Rxc4 {[%emt 0:00:03] [#] KR-KR} h4 ({Better is} 39... Rc3 $1 $17 40. Rd4 h4) 40. Rc6 $11 f3+ 41. Kh2 $1 Ra2 42. Rxe6 Kc3 43. Rf6 Rxf2+ 44. Kg1 Rg2+ 45. Kf1 Rg3 46. e5 $1 Rxh3 47. e6 {[%emt 0:00:28] White wants to mate with e7.} g4 48. e7 Rh1+ 49. Kf2 {[%emt 0:00:00] Rc6+ would kill now.} Rh2+ 50. Kf1 $1 Re2 51. Rf4 g3 {[%emt 0:00:00] ( -> ...g2+)} 52. Rxf3+ Kd2 53. Rf4 {[%emt 0:00:00] Intending Rd4+ and mate.} g2+ 54. Kg1 {[%emt 0:00:00] Threatening mate with Rf2.} h3 $2 (54... Rxe7 $11 55. Kxg2 Re2+ 56. Kh3 Re3+ 57. Kxh4 Kd3) 55. Rf2 $18 h2+ 56. Kxh2 Rxf2 57. e8=Q {[%emt 0:00:00] KQ-KR} (57. e8=B {leads to mate.} Ke3 58. Bc6 Rf6 59. Bxg2 Kf2 60. Kh3 Rh6+ 61. Kg4 Kxg2 62. Kf5 Kf3 63. Ke5 Rh5+ 64. Ke6 Kf4 65. Kd6 Ke4 66. Ke7 Ke5 67. Kd7 Rh6 68. Kc7 Kd5 69. Kd7 Rh7+ 70. Ke8 Ke5 71. Kf8 Ke6 72. Kg8 Rf7 73. Kh8 Kf6 74. Kg8 Kg6 75. Kh8 Rf8#) 57... Re2 58. Qd7+ (58. Qb5 $142 Ke3 59. Qd5) 58... Ke1 (58... Kc1 $142 59. Qd4 Kc2 60. Qc4+ Kd2) 59. Kg1 Rd2 60. Qc6 Kd1 61. Qc3 Re2 62. Qd3+ Ke1 63. Qd4 Rd2 64. Qa1+ Rd1 65. Qe5+ Kd2+ 66. Kxg2 {[%emt 0:00:00] White mates.} Kc2 67. Qc5+ Kb2 68. Kf2 Rc1 69. Qb4+ Ka2 70. Ke2 Rc8 71. Qb6 Rc3 72. Kd2 Rb3 73. Qa5+ Kb2 74. Qe5+ Kb1 75. Qd4 Rh3 76. Qb6+ Ka1 77. Qf6+ Ka2 78. Qe6+ Rb3 79. Kc2 Ka1 80. Kxb3 {[%emt 0:46:31] What a bad dream for Black.   Weighted Error Value: White=0.22 (precise) /Black=0.05 (flawless) .  Loses game:     	---       	Black=1      Mistake:       	White=1     	Black=1      Inaccurate:     	White=1     	Black=1      OK:         	White=15    	Black=12     Best:        	White=10    	Black=5      Strong:       	White=3     	---} 1-0